 Dungeon Crawl Stone Soup version 0.21-a0-140-g479285b (webtiles) character file.

20 tsouns the Sneak (level 2, 0/19 HPs)
             Began as a Gnoll Wanderer on July 19, 2017.
             Slain by a bat (1 damage)
             ... on level 2 of the Dungeon.
             The game lasted 00:03:29 (678 turns).

tsouns the Sneak (Gnoll Wanderer)                    Turns: 678, Time: 00:03:30

Health: 0/19       AC:  4    Str:  7    XL:     2   Next: 79%
Magic:  2/2        EV: 11    Int:  7    God:
Gold:   68         SH:  0    Dex:  7    Spells: 1/1 levels left

rFire    . . .     SeeInvis .   c - +0 shortbow
rCold    . . .     Gourm    .   (shield currently unavailable)
rNeg     . . .     Faith    .   k - +0 leather armour
rPois    .         Spirit   .   (no helmet)
rElec    .         Reflect  .   j - +0 cloak
rCorr    .         Harm     .   (no gloves)
MR       .....                  (no boots)
Stlth    ++........             (no amulet)
HPRegen  0.06/turn              (no ring)
MPRegen  0.08/turn              (no ring)

@: no status effects
A: unchanging attributes, fangs 1, strong nose
a: no special abilities


You were on level 2 of the Dungeon.
You were not hungry.

You visited 1 branch of the dungeon, and saw 2 of its levels.

You collected 68 gold pieces.

Inventory:

Hand Weapons
 a - a +2 dagger
 c - a +0 shortbow (weapon)
Missiles
 d - an arrow (quivered)
Armour
 f - a +0 robe
 j - a +0 cloak (worn)
 k - a +0 leather armour (worn)
Scrolls
 b - a scroll of fear
 i - 2 scrolls of enchant armour {unknown}
 l - a scroll of fog {unknown}
 p - a scroll of blinking {unknown}
 q - a scroll of remove curse {unknown}
 s - a scroll of teleportation {unknown}
 t - a scroll of enchant weapon {unknown}
Potions
 e - a potion of lignification
 m - a potion of curing {unknown}
 o - a potion of resistance {unknown}
 u - 2 potions of berserk rage {unknown}
Comestibles
 g - 2 bread rations
 h - a royal jelly
 r - a meat ration


   Skills:
 + Level 1.6 Short Blades
 + Level 4.4 Bows
 + Level 2.3 Dodging
 - Level 4.8 Stealth
   Level 1.3 Shields
 - Level 1.3 Unarmed Combat


You had one spell level left.
You didn't know any spells.

Dungeon Overview and Level Annotations

Branches:
Dungeon (2/15)

Altars:

Annotations:
D:2 Sigmund


Innate Abilities, Weirdness & Mutations

Your physical attributes are unchanging.
You have very sharp teeth.
Your uncanny sense of smell can sniff out nearby items.


Message History

Firing (i - inventory):
d - 4 arrows (quivered)
Press: ? - help, Shift-Dir - straight line, f/p - adder
Aim: an adder (severely wounded)
You shoot an arrow. The arrow hits the adder.
You kill the adder!
The goblin barely misses you. The bat hits you.
* * * LOW HITPOINT WARNING * * *
Firing (i - inventory):
d - 3 arrows (quivered)
Press: ? - help, Shift-Dir - straight line, f/p - adder
Aim: an adder (severely wounded)
You shoot an arrow. The arrow misses the bat.
The arrow misses the adder.
The bat hits you but does no damage. The bat closely misses you.
The goblin barely misses you.
All of the chunks of flesh in your inventory have rotted away.
Firing (i - inventory):
d - 2 arrows (quivered)
Press: ? - help, Shift-Dir - straight line, f/p - adder
Aim: an adder (severely wounded)
You shoot an arrow. The arrow closely misses the bat.
The arrow misses the adder.
The bat closely misses you. The bat hits you.
You die...

. #### ..g
##..##########
..S..##..(..(..g@bS♣
..w.......########(♣
...S.###...# ≈≈ .>..
#.#.# ..P
...#####.#.###..........
#...<............. ..
#..#.####.#♣≈♣≈P.≈. .
!.. #. .♣≈P≈≈≈≈PP # #.
♣≈P≈≈≈≈≈


You could see an adder, a goblin and a bat.

Vanquished Creatures
  An adder (D:2)
  A leopard gecko (D:1)
  2 bats (D:1)
  2 giant cockroaches (D:1)
  A goblin (D:1)
  A kobold (D:1)
  2 rats
10 creatures vanquished.

Notes
Turn   | Place    | Note
-------+----------+-------------------------------------------
     0 | D:1      | tsouns the Gnoll Wanderer began the quest for the Orb.
     0 | D:1      | tsouns set off with: a +2 dagger, a scroll of fear, a +0 shortbow, 26 arrows, a potion of lignification, a +0 robe, a bread ration
     0 | D:1      | Reached XP level 1. HP: 13/13 MP: 1/1
   187 | D:1      | Reached skill level 1 in Short Blades
   360 | D:1      | Reached XP level 2. HP: 18/19 MP: 2/2
   594 | D:2      | Noticed Sigmund
   678 | D:2      | Slain by a bat

Vault maps used:
D:1:      dpeg_arrival_arbitrary_b, minmay_pentomino_p4
D:2:      serial_bayou, serial_bayou_pond_c, serial_bayou_crossing,
          serial_bayou_ford_a, serial_bayou_lagoon_a, serial_bayou_shore_b,
          uniq_terence, uniq_sigmund

Skill      XL: |  1 |
---------------+----+-----
Short Blades   | 1 |  1.6
Dodging        | 2 |  2.3
Bows           | |  4.4
Stealth        | |  4.8
Shields        | |  1.3
Unarmed Combat | |  1.3

Action                   || total
-------------------------++-------
Melee: Dagger            ||    44
       Bite              ||     3
 Fire: Shortbow          ||    29
 Stab: Sleeping          ||     1
Armor: Leather armour    ||    26
       Robe              ||     1
Dodge: Dodged            ||    63
